 Dungeon Crawl Stone Soup version 0.29-a0-553-g81b289dbe5 (webtiles) character file.

Game seed: 16403551188741271913

147 DocClef the Covert (level 5, 0/47 HPs)
             Began as a Gnoll Delver on June 6, 2022.
             Slain by a goblin
             ... wielding a +0 dagger
             ... led by Robin
              (2 damage)
             ... on level 2 of the Dungeon.
             The game lasted 00:02:40 (1836 turns).

DocClef the Covert (Gnoll Delver)                   Turns: 1836, Time: 00:02:41

Health: 0/47       AC:  6    Str: 13    XL:     5   Next: 29%
Magic:  7/7        EV: 13    Int:  9    God:
Gold:   858        SH:  4    Dex: 14    Spells: 6/6 levels left

rFire   . . .      SeeInvis .   k - +2 trident (freeze)
rCold   . . .      Faith    .   l - +0 buckler
rNeg    . . .      Spirit   .   b - +0 leather armour
rPois   .          Reflect  .   n - +2 helmet
rElec   .          Harm     .   (no cloak)
rCorr   .          Rampage  .   (no gloves)
Will    .....                   (no boots)
Stlth   ++++......              (no amulet)
HPRegen 0.15/turn               (no ring)
MPRegen 0.10/turn               (no ring)

@: no status effects
A: fangs 1, strong nose, distributed training
a: no special abilities


You were on level 2 of the Dungeon.
You visited 1 branch of the dungeon, and saw 4 of its levels.

You collected 858 gold pieces.

Inventory:

Hand Weapons
 a - a +0 short sword of flaming
 k - a +2 trident of freezing (weapon)
Armour
 b - a +0 leather armour (worn)
 l - a +0 buckler (worn)
 n - a +2 helmet (worn)
Jewellery
 p - a ring of wizardry
Wands
 g - a wand of digging (3)
 h - a wand of iceblast (9)
Scrolls
 c - a scroll of fog
 d - a scroll of magic mapping
 e - 3 scrolls of fear
 r - a scroll of identify
Potions
 f - a potion of haste
 i - a potion of curing {unknown}
 j - a potion of attraction {unknown}


   Skills:
 + Level 6.7 Fighting
 + Level 4.7 Short Blades
 + Level 1.4 Long Blades
 + Level 1.4 Axes
 + Level 1.4 Maces & Flails
 + Level 1.4 Polearms
 + Level 1.4 Staves
 + Level 1.4 Slings
 + Level 1.4 Bows
 + Level 1.4 Crossbows
 + Level 1.4 Throwing
 + Level 1.4 Armour
 + Level 4.7 Dodging
 + Level 9.7 Stealth
 + Level 1.4 Shields
 + Level 1.4 Unarmed Combat
 + Level 1.4 Spellcasting
 + Level 1.1 Conjurations
 + Level 1.1 Hexes
 + Level 1.1 Summonings
 + Level 1.1 Necromancy
 + Level 1.1 Translocations
 + Level 1.1 Transmutations
 + Level 1.1 Fire Magic
 + Level 1.1 Ice Magic
 + Level 1.1 Air Magic
 + Level 1.1 Earth Magic
 + Level 1.1 Poison Magic
 + Level 1.6 Invocations
 + Level 1.4 Evocations


You had 6 spell levels left.
You didn't know any spells.
Your spell library was empty.

Dungeon Overview and Level Annotations

Branches:
Dungeon (5/15)
 Temple: D:4-7

Altars:


Innate Abilities, Weirdness & Mutations

You have very sharp teeth.
Your uncanny sense of smell can sniff out nearby items.
Your experience applies equally to all skills.


Message History

The goblin no longer looks unusually strong.
A goblin comes into view. It is wielding a +0 club.
The goblin hits you with a +0 club. The goblin closely misses you.
The goblin hits you with a +0 dagger. The goblin hits you with a +0 club.
You block the goblin's attack. The goblin hits you with a +0 club.
You barely miss the goblin.
The goblin no longer looks unusually strong.
The ball python closely misses you. You block the ball python's attack.
The goblin barely misses you. The goblin hits you but does no damage.
The goblin barely misses you. x2
You puncture the goblin! You freeze the goblin.
You kill the goblin!
The goblin no longer looks unusually strong.
The ball python barely misses you. You block the ball python's attack.
You block the goblin's attack. The goblin hits you with a +0 dagger.
The goblin hits you with a +0 club. The ball python closely misses you.
The ball python completely misses you. You block the goblin's attack. x2
Things that are here:
a +0 club; a +0 club; a goblin corpse The goblin attacks as you move away!
The goblin closely misses you. x2
The goblin attacks as you move away! The goblin barely misses you.
You block the goblin's attack.
The ball python bites you but does no damage.
The ball python grabs you. The ball python constricts you.
The ball python's grasp on you weakens, but your attempt to escape fails.
The goblin hits you with a +0 club. The goblin hits you with a +0 dagger.
The ball python barely misses you. The ball python constricts you.
You escape the ball python's grasp.
The goblin attacks as you move away! The goblin hits you with a +0 club.
* * * LOW HITPOINT WARNING * * *
The goblin attacks as you move away! The goblin hits you with a +0 dagger.
* * * LOW HITPOINT WARNING * * *
The goblin attacks as you move away! The goblin hits you with a +0 dagger.
* * * LOW HITPOINT WARNING * * *
There is a stone staircase leading down here.
The goblin hits you with a +0 club.
* * * LOW HITPOINT WARNING * * *
The goblin hits you with a +0 dagger.
You die...

#)).# #...# #)..#
#######...#######
.................
........gSl......
.......gggg......
.######.gg#######
#..@# #...# #..(#
#...# #...# #..<#
...## ##..


You could see 7 goblins, a ball python and a frilled lizard.

Vanquished Creatures
  A scorpion (D:3)
  An iguana (D:4)
  Robin (D:2)
  A worm (D:2)
  A dart slug (D:3)
  6 orcs
  4 ball pythons
  A bat (D:3)
  A giant cockroach (D:3)
  5 goblins
  3 hobgoblins
  7 jackals
  A quokka (D:3)
  3 frilled lizards (D:3)
  4 kobolds
  3 rats (D:3)
43 creatures vanquished.

Notes
Turn   | Place    | Note
-------+----------+-------------------------------------------
     0 | D:5      | Reached skill level 9 in Stealth
     0 | D:5      | DocClef the Gnoll Delver began the quest for the Orb.
     0 | D:5      | Reached XP level 1. HP: 23/23 MP: 1/1
     5 | D:5      | Noticed an orc wizard
   223 | D:4      | Noticed an iguana
   225 | D:4      | Killed an iguana
   226 | D:4      | Reached XP level 2. HP: 29/29 MP: 2/2
   226 | D:4      | Reached XP level 3. HP: 35/35 MP: 3/3
   496 | D:4      | Reached skill level 1 in Invocations
   809 | D:3      | Noticed a scorpion
   816 | D:3      | Killed a scorpion
   817 | D:3      | Reached skill level 1 in Long Blades
   817 | D:3      | Reached skill level 1 in Axes
   817 | D:3      | Reached skill level 1 in Maces & Flails
   817 | D:3      | Reached skill level 1 in Polearms
   817 | D:3      | Reached skill level 1 in Staves
   817 | D:3      | Reached skill level 1 in Slings
   817 | D:3      | Reached skill level 1 in Bows
   817 | D:3      | Reached skill level 1 in Crossbows
   817 | D:3      | Reached skill level 1 in Throwing
   817 | D:3      | Reached skill level 1 in Armour
   817 | D:3      | Reached skill level 1 in Shields
   817 | D:3      | Reached skill level 1 in Unarmed Combat
   817 | D:3      | Reached skill level 1 in Spellcasting
   817 | D:3      | Reached skill level 1 in Conjurations
   817 | D:3      | Reached skill level 1 in Hexes
   817 | D:3      | Reached skill level 1 in Summonings
   817 | D:3      | Reached skill level 1 in Necromancy
   817 | D:3      | Reached skill level 1 in Translocations
   817 | D:3      | Reached skill level 1 in Transmutations
   817 | D:3      | Reached skill level 1 in Fire Magic
   817 | D:3      | Reached skill level 1 in Ice Magic
   817 | D:3      | Reached skill level 1 in Air Magic
   817 | D:3      | Reached skill level 1 in Earth Magic
   817 | D:3      | Reached skill level 1 in Poison Magic
   817 | D:3      | Reached skill level 1 in Evocations
   817 | D:3      | Reached XP level 4. HP: 41/41 MP: 5/5
   927 | D:3      | Found a faded altar of an unknown god.
  1026 | D:3      | Identified a scroll of acquirement
  1026 | D:3      | Acquired 715 gold pieces
  1587 | D:3      | Reached XP level 5. HP: 43/47 MP: 6/6
  1813 | D:2      | Noticed Robin
  1824 | D:2      | Killed Robin
  1836 | D:2      | HP: 2/47 [goblin/+0 club[Robin] (4)]
  1836 | D:2      | Slain by a goblin

Illustrated notes

Levels and vault maps discovered:
D:2:      layout_loops_cross, chequers_jeans, minmay_goblin_outpost,
          uniq_natasha, uniq_robin
D:3:      layout_basic, basic_ecumenical_altar
D:4:      layout_loops_cross
D:5:      layout_loops_ring, dreamdust_gnoll_farm

Skill      XL: |  1  2  3 |
---------------+----------+-----
Stealth        | |  9.7
Invocations    | 1 |  1.6
Long Blades    | 1 |  1.4
Axes           | 1 |  1.4
Maces & Flails | 1 |  1.4
Polearms       | 1 |  1.4
Staves         | 1 |  1.4
Slings         | 1 |  1.4
Bows           | 1 |  1.4
Crossbows      | 1 |  1.4
Throwing       | 1 |  1.4
Armour         | 1 |  1.4
Shields        | 1 |  1.4
Unarmed Combat | 1 |  1.4
Spellcasting   | 1 |  1.4
Conjurations   | 1 |  1.1
Hexes          | 1 |  1.1
Summonings     | 1 |  1.1
Necromancy     | 1 |  1.1
Translocations | 1 |  1.1
Transmutations | 1 |  1.1
Fire Magic     | 1 |  1.1
Ice Magic      | 1 |  1.1
Air Magic      | 1 |  1.1
Earth Magic    | 1 |  1.1
Poison Magic   | 1 |  1.1
Evocations     | 1 |  1.4
Fighting       | |  6.7
Short Blades   | |  4.7
Dodging        | |  4.7

Action                   |  1- 3 |  4- 6 || total
-------------------------+-------+-------++-------
Melee: Short sword       |    24 |    62 ||    86
       Bite              |     2 |     5 ||     7
       Punch             |     1 |       ||     1
       Trident           |       |    16 ||    16
Evoke: Wand              |     1 |       ||     1
  Use: Scroll            |       |     6 ||     6
 Stab: Sleeping          |     5 |     2 ||     7
       Distracted        |       |     1 ||     1
Armor: Leather armour    |     4 |    32 ||    36
Dodge: Dodged            |    18 |    56 ||    74
Block: Buckler           |       |    21 ||    21

Table legend: (Time is in decaauts)
 A = Elapsed time spent in this place.
 B = Non-inter-level travel time spent in this place.
 C = Inter-level travel time spent in this place.
 D = Time resting spent in this place.
 E = Time spent auto-exploring this place.
 F = Levels seen in this place.
 G = Mean time per level.
                   A        B        C        D        E       F      G
               +--------+--------+--------+--------+--------+-----+--------+
         Total |   1830 |   1745 |     85 |    100 |   1315 |   4 |  457.5 |
       Dungeon |   1830 |   1745 |     85 |    100 |   1315 |   4 |  457.5 |
               +--------+--------+--------+--------+--------+-----+--------+

Top non-repeatable levels by time:
     D:3: 1010 daAuts
     D:4: 767 daAuts
     D:2: 36 daAuts
     D:5: 17 daAuts
